 Dungeon Crawl Stone Soup version 0.23.2-1-ga50397a6bc (webtiles) character file.

Game seed: 12125229613099259693

11993 Gargoyl the Cleaver (level 11, -9/91 HPs)
             Began as a Centaur Abyssal Knight on May 10, 2019.
             Was an Elder of Lugonu.
             Mangled by a catoblepas (20 damage)
             ... on level 3 of the Lair of Beasts.
             The game lasted 00:23:18 (15710 turns).

Gargoyl the Cleaver (Centaur Abyssal Knight)       Turns: 15710, Time: 00:23:19

Health: -9/91      AC: 19    Str: 17    XL:     11   Next: 56%
Magic:  13/17      EV:  7    Int: 11    God:    Lugonu [****..]
Gold:   336        SH:  4    Dex: 10    Spells: 10/10 levels left

rFire    . . .     SeeInvis +   b - +3 broad axe (freeze)
rCold    . . .     Gourm    .   g - +0 buckler
rNeg     . . .     Faith    .   D - +0 plate armour
rPois    .         Spirit   .   (no helmet)
rElec    .         Reflect  .   u - +0 cloak
rCorr    .         Harm     .   x - +1 pair of gloves
MR       +....                  (no barding)
Stlth    ..........             (no amulet)
HPRegen  0.25/turn              e - +2 ring of evasion
MPRegen  0.15/turn              B - ring of protection from magic

@: very quick
A: large, hooves 3, molten scales 1, yellow scales 1, see invisible, deformed
body, speed 2, sense surroundings 1, tough skin 3, evolution 1
a: Depart the Abyss, Bend Space, Banish, Corrupt, Renounce Religion


You were on level 3 of the Lair of Beasts.
You worshipped Lugonu.
Lugonu was greatly pleased with you.
You were not hungry.

You visited 2 branches of the dungeon, and saw 11 of its levels.
You visited the Abyss 1 time.

You collected 599 gold pieces.
You spent 263 gold pieces at shops.

Inventory:

Hand Weapons
 a - a +2 hand axe
 b - a +3 broad axe of freezing (weapon)
Armour
 g - a +0 buckler (worn)
 u - a +0 cloak (worn)
 x - a +1 pair of gloves (worn)
 D - a +0 plate armour (worn)
Jewellery
 e - a +2 ring of evasion (left hand)
 j - an uncursed amulet of guardian spirit {unknown}
 l - an uncursed ring of protection from cold
 o - an uncursed ring of flight
 B - a ring of protection from magic (right hand)
 F - an uncursed ring of poison resistance {unknown}
Wands
 d - a wand of random effects (32)
 h - a wand of polymorph (16)
 m - a wand of flame (9)
 y - a wand of acid (12)
 E - a wand of paralysis (11)
Scrolls
 f - 3 scrolls of identify
 i - a scroll of blinking
 q - 2 scrolls of remove curse
 v - 3 scrolls of amnesia
 z - 6 scrolls of teleportation
 A - 2 scrolls of summoning
 C - a scroll of fear
Potions
 n - a potion of cancellation
 p - a potion of agility
 r - 2 potions of brilliance
 s - a potion of resistance {unknown}
 t - a potion of ambrosia
 w - a potion of invisibility
Comestibles
 c - 18 rations


   Skills:
 + Level 6.6 Fighting
 + Level 9.2 Axes
 * Level 8.0 Armour
 * Level 5.5 Dodging
 + Level 2.0 Shields
 * Level 8.1 Invocations
 + Level 0.1 Evocations


You had 10 spell levels left.
You didn't know any spells.
Your spell library was empty.

Dungeon Overview and Level Annotations

Branches:
Dungeon (8/15)             Temple (0/1) D:7            Lair (3/6) D:8
  Swamp (0/4) Lair:2       Spider (0/4) Lair:2

Altars:
Ashenzari
Cheibriados
Elyvilon
Gozag
Hepliaklqana
Makhleb
Uskayaw
Vehumet
Wu Jian
Xom
Zin
The Shining One

Shops:
D:4 !   D:5 *(

Annotations:
D:8 exclusion: statue
Lair:1 Nergalle


Innate Abilities, Weirdness & Mutations

You have hooves in place of feet.
Armour fits poorly on your strangely shaped body.
You cover ground very quickly.
You have extremely tough skin. (AC +3)
You are partially covered in molten scales. (AC +2)
You are partially covered in yellow scales. (AC +2)
You have supernaturally acute eyesight. (SInv)
You passively map a small area around you.
You evolve.


Message History

The catoblepas is heavily wounded.
The catoblepas gores you.
You barely miss the catoblepas.
The catoblepas is heavily wounded.
The catoblepas breathes a plume of calcifying dust at you.
The blast of calcifying dust hits you but does no damage.
The catoblepas gores you!
* * * LOW HITPOINT WARNING * * *
You hit the catoblepas. You freeze the catoblepas.
The catoblepas is heavily wounded.
The catoblepas gores you!
* * * LOW HITPOINT WARNING * * *
Okay, then.
Press: ? - help, Shift-Dir - straight line, f - catoblepas
Aim: a catoblepas (heavily wounded, chance to defeat MR: 23%)
The catoblepas resists with almost no effort.
You feel somewhat more hungry. The catoblepas gores you!
* * * LOW HITPOINT WARNING * * *
You feel better. The catoblepas gores you!!
You die...

... ......# ,
......##.....## .
, , ,
#.....#...⌠...# ..
....⌠........# .⌠.
#...........#....,
,
,#........÷.......
, , ,
#.............# ,
,
*,##..⌠Y.<..⌠..##
, #..@§......## ,
, #...#..§.⌠...##,
* ,
,......##§....## ,
...... #§...##,
#... ##...#, *
#...., ...... ,
##.. ,,*⌠.<.⌠..,,
, #.. .....#., , ,
, * , ,


You could see a catoblepas.

Vanquished Creatures
  Pikel (D:4)
  An orb spider (Lair:2)
  2 black mambas (Lair:2)
  Psyche (D:8)
  3 spiny frogs
  Prince Ribbit (D:8)
  3 blink frogs (Lair:1)
  4 hippogriffs
  11 yaks
  A human (D:7)
  4 hogs (D:7)
  3 vampire mosquitoes (Lair:2)
  Menkaure (D:4)
  Edmund (D:4)
  7 porcupines
  Duvessa (D:6)
  5 water moccasins
  2 orc warriors
  A sky beast (D:7)
  A black bear (Lair:1)
  A phantom (D:8)
  4 centaurs
  An ogre (D:5)
  4 crocodiles
  Blork the orc (D:6)
  7 bullfrogs
  Dowan (D:6)
  A water moccasin zombie (D:8)
  A scorpion (D:8)
  6 crimson imps
  A bullfrog zombie (D:6)
  A centaur zombie (D:8)
  A centaur skeleton (D:4)
  7 hounds
  5 orc priests
  Crazy Yiuf (D:3)
  2 iguanas
  6 orc wizards
  4 worker ants (Lair:1)
  3 hound zombies
  8 gnolls
  9 adders
  2 shadow imps
  2 worms (D:3)
  3 dart slugs
  7 leopard geckos
  20 orcs
  11 bats
  4 giant cockroaches
  4 goblins
  7 hobgoblins
  29 jackals
  4 quokkas
  A ball python (D:1)
  4 frilled lizards
  8 kobolds
  3 leopard gecko skeletons
  2 leopard gecko zombies
  A quokka skeleton (D:5)
  8 rats
  A fungus (Lair:1)
  A plant (Lair:2)
251 creatures vanquished.

Vanquished Creatures (others)
  A black mamba (Lair:1)
  A spiny frog (Lair:1)
  An orc warrior (D:8)
  An ogre (D:5)
  An orc wizard (D:4)
  A fungus (Lair:1)
6 creatures vanquished.

Grand Total: 257 creatures vanquished

Notes
Turn   | Place    | Note
-------+----------+-------------------------------------------
     0 | Abyss:1  | Gargoyl the Centaur Abyssal Knight began the quest for the
                  | Orb.
     0 | Abyss:1  | Reached XP level 1. HP: 19/19 MP: 2/2
    19 | Abyss:2  | Found a corrupted altar of Lugonu.
    63 | Abyss:2  | Noticed a large abomination
    65 | Abyss:2  | Noticed a small abomination
    86 | Abyss:2  | Noticed a neqoxec
    86 | Abyss:2  | Noticed a neqoxec
    87 | Abyss:2  | Noticed a green very ugly thing
    88 | D:1      | Escaped the Abyss
   337 | D:1      | Reached XP level 2. HP: 26/26 MP: 3/3
   402 | D:1      | You fall through a shaft!
   425 | D:2      | Reached * piety under Lugonu
   437 | D:2      | Found a burning altar of Makhleb.
   449 | D:2      | Reached skill level 1 in Dodging
   452 | D:2      | Reached skill level 2 in Axes
   454 | D:2      | Found an opulent altar of Gozag.
   584 | D:2      | Reached XP level 3. HP: 10/31 MP: 4/4
  1290 | D:2      | Found a snail-covered altar of Cheibriados.
  1304 | D:2      | Reached XP level 4. HP: 35/40 MP: 5/5
  2192 | D:3      | Reached ** piety under Lugonu
  2346 | D:2      | HP: 1/40 [quokka (4)]
  2741 | D:3      | Found a glowing golden altar of the Shining One.
  2878 | D:3      | Reached XP level 5. HP: 46/46 MP: 7/7
  2896 | D:3      | Found a white marble altar of Elyvilon.
  3480 | D:3      | Found a runed translucent door.
  3481 | D:3      | Noticed Crazy Yiuf
  3488 | D:3      | Gained mutation: You passively map a small area around you.
                  | [potion of mutation]
  3488 | D:3      | Gained mutation: You have supernaturally acute eyesight.
                  | (SInv) [potion of mutation]
  3488 | D:3      | Gained mutation: You are agile. (Dex +2) [potion of
                  | mutation]
  3491 | D:3      | Killed Crazy Yiuf
  3948 | D:4      | Reached skill level 3 in Axes
  4079 | D:4      | Found a shattered altar of Ashenzari.
  4080 | D:4      | Found a glowing golden altar of the Shining One.
  4080 | D:4      | Found an ornate altar of the Wu Jian Council.
  4081 | D:4      | Found a glowing silver altar of Zin.
  4102 | D:4      | Reached XP level 6. HP: 52/52 MP: 8/8
  4135 | D:4      | Noticed Edmund
  4259 | D:4      | Killed Edmund
  4456 | D:4      | Lost mutation: You are agile. (Dex +2) [potion of mutation]
  4456 | D:4      | Gained mutation: Potions are less effective at restoring
                  | your health. [potion of mutation]
  4456 | D:4      | Gained mutation: Your flesh is cold resistant. (rC+)
                  | [potion of mutation]
  4687 | D:4      | Found Cudd's Distillery.
  4696 | D:4      | Bought a potion of heal wounds for 65 gold pieces
  4696 | D:4      | Bought a potion of heal wounds for 65 gold pieces
  4696 | D:4      | Bought 2 potions of curing for 78 gold pieces
  4727 | D:4      | Noticed Menkaure
  4740 | D:4      | Killed Menkaure
  4740 | D:4      | Reached *** piety under Lugonu
  4740 | D:4      | Reached XP level 7. HP: 21/60 MP: 9/9
  4987 | D:4      | Found a hide-covered altar of Uskayaw.
  5001 | D:4      | Noticed Pikel
  5031 | D:4      | Killed Pikel
  5031 | D:4      | Reached skill level 4 in Axes
  5031 | D:4      | Reached XP level 8. HP: 39/67 MP: 9/11
  5263 | D:4      | Found a shimmering altar of Xom.
  5666 | D:5      | Entered Level 5 of the Dungeon
  5666 | D:5      | Found Mampufra's Antique Weapon Emporium.
  5990 | D:5      | Reached skill level 5 in Axes
  5995 | D:5      | Found Terchajale's General Store.
  6004 | D:5      | Bought a potion of heal wounds for 55 gold pieces
  6039 | D:5      | Found a hazy altar of Hepliaklqana.
  6167 | D:6      | Noticed Duvessa
  6172 | D:6      | Noticed Dowan
  6185 | D:6      | Killed Duvessa
  6198 | D:6      | Killed Dowan
  6486 | D:6      | Noticed Blork the orc
  6509 | D:6      | Killed Blork the orc
  6635 | D:6      | Reached skill level 5 in Fighting
  7094 | D:6      | Lost mutation: Potions are less effective at restoring your
                  | health. [potion of mutation]
  7094 | D:6      | Lost mutation: Your flesh is cold resistant. (rC+) [potion
                  | of mutation]
  7094 | D:6      | Gained mutation: You evolve. [potion of mutation]
  7094 | D:6      | Gained mutation: You are partially covered in molten
                  | scales. (AC +2) [potion of mutation]
  7094 | D:6      | Gained mutation: You are partially covered in yellow
                  | scales. (AC +2) [potion of mutation]
  7460 | D:6      | Reached skill level 5 in Invocations
  7550 | D:7      | Reached skill level 5 in Armour
  7689 | D:7      | Reached XP level 9. HP: 70/74 MP: 12/12
  7759 | D:7      | Reached **** piety under Lugonu
  7997 | D:7      | Found a staircase to the Ecumenical Temple.
  8083 | D:7      | Reached skill level 1 in Shields
  8088 | D:7      | Reached skill level 6 in Axes
  9060 | D:8      | Reached skill level 7 in Axes
  9078 | D:8      | Found a radiant altar of Vehumet.
 10050 | D:8      | Noticed Psyche
 10068 | D:8      | Killed Psyche
 10068 | D:8      | Reached XP level 10. HP: 33/83 MP: 14/14
 10379 | D:8      | Got a pair of smoking gloves
 10404 | D:8      | Identified the cursed +0 pair of gloves of Wrong Decisions
                  | {+Blink Stlth+} (You found it on level 8 of the Dungeon)
 10417 | D:8      | Identified a scroll of acquirement
 10731 | D:8      | Noticed Prince Ribbit
 10753 | D:8      | Killed Prince Ribbit
 10856 | D:8      | Found a staircase to the Lair.
 11230 | Lair:1   | Entered Level 1 of the Lair of Beasts
 11319 | Lair:1   | Noticed a spiny frog
 11334 | Lair:1   | Killed a spiny frog
 11719 | Lair:1   | Reached skill level 8 in Axes
 11741 | Lair:1   | Noticed a spiny frog
 11756 | Lair:1   | Killed a spiny frog
 12285 | Lair:1   | Noticed a black mamba
 12285 | Lair:1   | Noticed a spiny frog
 12298 | Lair:1   | HP: 4/83 [black mamba (7)]
 12299 | Lair:1   | HP: 1/83 [black mamba (10)]
 12306 | Lair:1   | Banished a black mamba
 12306 | Lair:1   | Reached skill level 5 in Dodging
 12318 | Lair:1   | Banished a spiny frog
 13090 | Lair:1   | Reached XP level 11. HP: 89/89 MP: 16/16
 13466 | Lair:2   | Noticed Nergalle
 13695 | Lair:1   | Noticed a spectral orc warlord
 13695 | Lair:1   | HP: 3/91 [Nergalle/bolt of negative energy (12)]
 14051 | Lair:2   | Found a staircase to the Swamp.
 14082 | Lair:2   | Reached skill level 9 in Axes
 14978 | Lair:2   | Found a hole to the Spider Nest.
 14978 | Lair:2   | Noticed an orb spider
 14990 | Lair:2   | Killed an orb spider
 15332 | Lair:3   | Noticed a catoblepas
 15710 | Lair:3   | Mangled by a catoblepas

Skill      XL: |  1  2  3  4  5  6  7  8  9 10 11 |
---------------+----------------------------------+-----
Dodging        | 1 2 3 4 5 |  5.5
Axes           | 2 3 4 5 7 8 9 |  9.2
Armour         | 2 3 5 6 7 8 |  8.0
Invocations    | 3 4 5 6 7 8 |  8.1
Fighting       | 4 5 6 |  6.6
Shields        | 1 2 |  2.0
Evocations     | |  0.1

Action                   |  1- 3 |  4- 6 |  7- 9 | 10-12 || total
-------------------------+-------+-------+-------+-------++-------
Melee: Hand axe          |    57 |   250 |   563 |    18 ||   888
       Kick              |     7 |    36 |   132 |    89 ||   264
       Broad axe         |       |       |       |   309 ||   309
Invok: Depart the Abyss  |     1 |       |       |       ||     1
       Banish            |       |       |     3 |     3 ||     6
       Bend Space        |       |       |       |     1 ||     1
Evoke: Wand              |       |       |     2 |     4 ||     6
  Use: Potion            |     1 |     5 |     4 |     7 ||    17
       Scroll            |       |    11 |     1 |    13 ||    25
  Eat: Chunk             |       |     9 |    10 |    14 ||    33
       Ration            |       |       |     2 |     1 ||     3
Armor: Leather armour    |    23 |    65 |       |       ||    88
       Scale mail        |       |    87 |   125 |       ||   212
       Plate armour      |       |       |   206 |   268 ||   474
       Skin              |       |       |       |    14 ||    14
Dodge: Dodged            |    54 |   203 |   162 |   103 ||   522
Block: Buckler           |       |    20 |    57 |    61 ||   138
